[Event "European Women-ch 2023"]
[Site "Petrovac"]
[Date "2023.03.27"]
[Round "9.11"]
[White "Kobak, Polina"]
[Black "Valkova, Angelika"]
[Result "1/2-1/2"]
[ECO "A58"]
[WhiteElo "1815"]
[BlackElo "2055"]
[Annotator "TA"]
[PlyCount "52"]
[EventDate "2023.03.15"]
[EventType "swiss"]
[EventCountry "MNE"]
[SourceTitle "playchess.com"]
[Source "ChessBase"]
[SourceQuality "1"]
[TimeControl "40/5400+30:1800+30"]

1. d4 Nf6 2. c4 c5 3. d5 b5 4. cxb5 a6 5. bxa6 e6 6. Nc3 {[%emt 0:01:54] A58: Benko/Volga Gambit: Lines with 5 bxa6.} exd5 7. Nxd5 Be7 8. e3 {[%emt 0:05:35] White has an edge.} O-O 9. Nf3 Nxd5 10. Qxd5 Ra7 11. Bc4 {[%emt 0:04:40] [#]} Nxa6 $146 ({Predecessor:} 11... Bxa6 12. Bxa6 Nxa6 13. O-O Nb4 14. Qb3 d5 15. a3 c4 16. Qd1 Nd3 17. Ne1 Nxc1 18. Rxc1 {½-½ Sarana,A (2654)-Cheparinov,I (2686) Titled Tuesday intern op 26th May blitz 2020 (8)}) 12. Qd1 (12. Ne5 {feels hotter.} Qe8 13. O-O Nb4 14. Qd2) 12... Bb7 {[%emt 0:07:12][%mdl 1024] Black has compensation.} 13. Bd2 d5 14. Be2 Bf6 15. O-O Qb6 16. Bc3 Bxc3 17. bxc3 c4 {[%emt 0:00:22] [#]} 18. e4 dxe4 $11 19. Ne5 {[%emt 0:01:03][%cal Oe5d7,Bf3e5,Be5c4,Bc4d6][%mdl 32] Threatens to win with Nd7!} Nc5 20. Nxc4 Qf6 21. Qd4 Qxd4 {[%emt 0:01:33] The position is equal.} 22. cxd4 Ne6 23. Nd6 Nxd4 24. Bc4 Ba6 25. Bxa6 Rxa6 26. Nxe4 Nc2 {[%emt 0:00:48] Weighted Error Value: White=0.14 (very precise) /Black=0.08 (flawless)} 1/2-1/2

[Event "European Women-ch 2023"]
[Site "Petrovac"]
[Date "2023.03.27"]
[Round "9.12"]
[White "Sliwicka, Alicja"]
[Black "Efroimski, Marsel"]
[Result "1/2-1/2"]
[ECO "C02"]
[WhiteElo "2272"]
[BlackElo "2451"]
[Annotator "TA"]
[PlyCount "149"]
[EventDate "2023.03.15"]
[EventType "swiss"]
[EventCountry "MNE"]
[SourceTitle "playchess.com"]
[Source "ChessBase"]
[SourceQuality "1"]
[TimeControl "40/5400+30:1800+30"]

1. e4 e6 2. d4 d5 3. e5 c5 4. c3 Nc6 5. Nf3 Qb6 6. Bd3 cxd4 7. O-O $1 {[%emt 0:00:07][%mdl 4] is more profitable than 7.cxd4 at the moment. C02: French: Advance Variation.} Bd7 8. Re1 Nge7 9. h4 {[%emt 0:00:08] Black is slightly better.} a6 10. Nbd2 dxc3 11. bxc3 Ng6 (11... Qc7 $11) 12. Nb3 $14 Qc7 13. Qe2 f6 14. exf6 gxf6 {[%emt 0:00:36] [#]} 15. Rb1 $146 (15. c4 $5 O-O-O 16. cxd5 exd5 17. Bxg6 hxg6 18. Bb2 $11) ({Predecessor:} 15. c4 O-O-O 16. cxd5 exd5 17. Bxg6 hxg6 18. Bb2 Be7 19. Rac1 Rhe8 20. Qd1 Kb8 21. Rxe7 Rxe7 22. Bxf6 {½-½ Kiolbasa,O (2399)-Osmak,I (2419) Wroclaw Litwinska Memorial-A rapid 2021 (5.1)}) 15... Nge5 16. Bf4 Bd6 {[%emt 0:00:49] White must now prevent ...Nxf3+.} 17. Nxe5 Nxe5 18. Bxe5 Bxe5 19. c4 dxc4 (19... O-O $5) 20. Bxc4 O-O 21. Rbc1 {[%emt 0:01:22][%cal Oc4e6] Hoping for Bxe6+!} (21. Qg4+ Kh8 22. Bxe6 Rg8 $17) 21... Kh8 {[%emt 0:06:57] [#]} ({Don't take} 21... Bh2+ 22. Kh1 Kh8 23. Bxe6 $16) 22. Bxe6 $1 {[%emt 0:07:21][%mdl 64] Discovered Attack} Bc6 23. Bd5 $1 Rae8 24. Qh5 {[%emt 0:01:18] next Bxc6 is good for White.} Bh2+ {[%emt 0:05:45] A strong pair of Bishops.} 25. Kh1 {[%emt 0:00:06] Rxe8 would be deadly.} Rxe1+ 26. Rxe1 {[%emt 0:00:04] With the idea Bxc6.} Bxd5 27. Qxd5 $40 {[%emt 0:00:12][%mdl 128] Black needs to defend precisely.} Be5 28. Rc1 Qe7 ({Black should try} 28... Rd8 $11 29. Qf3 Qd7) 29. Rd1 Rc8 (29... f5 $11) 30. g3 b5 31. Kg2 Qc7 32. Rc1 {[%emt 0:05:31] Against Qc6} Bc3 33. Nd2 {[%emt 0:03:39] White is more active.} b4 (33... Qc6 $1 $14 {should be considered.} 34. Qf3 Qxf3+ 35. Kxf3 (35. Nxf3 b4 $11) 35... b4) 34. Qf3 $16 Qc6 {[%emt 0:01:42] [#]} 35. Ne4 $1 a5 {[%emt 0:00:45] [#]} (35... Kg7 $142) 36. Nxc3 ({White should play} 36. h5 $1 $16) 36... bxc3 {[%emt 0:00:05][%mdl 4096] Endgame KQR-KQR} 37. Rc2 Kg7 38. Qxc6 Rxc6 $11 {[%emt 0:00:03] KR-KR} 39. Kf3 Rc4 40. a3 f5 41. Ke3 f4+ 42. Kd3 $1 Ra4 43. Rxc3 fxg3 44. fxg3 Rg4 45. Ke2 a4 46. Kf2 h5 47. Kg2 {[%emt 0:06:00] aiming for Rf3.} Rd4 48. Kf3 Kg6 49. Ke3 $1 Rg4 50. Kf2 Rd4 51. Rc6+ Kg7 52. Rc5 Kh6 $1 53. Rc3 Kg6 54. Kg2 Rd2+ 55. Kh3 {[%emt 0:00:51] Strongly threatening Rc6+.} Rd4 56. Rc6+ Kg7 57. Rc3 Kg6 58. Rf3 Rc4 59. Rd3 Kg7 60. Kg2 Kg6 61. Re3 Kg7 62. Rf3 {[%emt 0:00:09] And now Rf4 would win.} Rc2+ $1 {[%emt 0:01:33] The position is equal.} 63. Kh3 Ra2 64. g4 Kg6 65. Kg3 Rc2 66. Rd3 hxg4 67. Kxg4 {[%emt 0:00:14] Threatens to win with Rd4.} Rc4+ 68. Kg3 Kh5 69. Rd5+ Kh6 70. Rf5 Rc3+ 71. Rf3 Rc4 72. Re3 Kh5 73. Re5+ Kh6 74. Re6+ Kh5 75. Re5+ {[%emt 0:00:09] Weighted Error Value: White=0.10 (very precise) /Black=0.08 (flawless)} 1/2-1/2

[Event "European Women-ch 2023"]
[Site "Petrovac"]
[Date "2023.03.27"]
[Round "9.12"]
[White "Kejzar, Petra"]
[Black "Maione, Melissa"]
[Result "1-0"]
[ECO "D00"]
[WhiteElo "2128"]
[BlackElo "2028"]
[Annotator "TA"]
[PlyCount "71"]
[EventDate "2023.03.15"]
[EventType "swiss"]
[EventCountry "MNE"]
[SourceTitle "playchess.com"]
[Source "ChessBase"]
[SourceQuality "1"]
[TimeControl "40/5400+30:1800+30"]

1. d4 Nf6 2. Nc3 d5 3. Bf4 a6 4. e3 c5 5. dxc5 Nc6 6. Nf3 {[%emt 0:00:42] Against e5. D00: 1 d4 d5: Unusual lines.} Bg4 7. Be2 e6 8. Na4 {[%emt 0:08:16] The position is equal.} Ne4 (8... Bxf3 $11 9. Bxf3 Bxc5) 9. O-O (9. Nb6 $16) 9... Nxc5 $11 10. c4 dxc4 $1 11. Nxc5 Bxc5 {[%emt 0:00:18] [#]} 12. Qc2 $146 ({Predecessor:} 12. Bxc4 Qxd1 13. Rfxd1 e5 14. Rd5 exf4 15. Rxc5 Bxf3 16. gxf3 fxe3 17. fxe3 O-O 18. Bd5 {0-1 Fajdetic,H (2151)-Krstulovic,A (2381) Titled Tuesday intern op 30th Aug Late blitz 2022 (2)}) 12... Qe7 (12... O-O $11) 13. Qxc4 $14 {[%emt 0:02:41] aiming for Bg5.} Bh5 (13... Ba7 $14) 14. Rac1 Bd6 15. Bxd6 Qxd6 16. Rfd1 Qe7 17. Qc5 (17. g4 $16 Bg6 18. Ne5) 17... Bg6 {[%emt 0:07:13] [#]} ({Better is} 17... Qxc5 $1 $14 18. Rxc5 Bg6) 18. Rd6 $1 $16 {[%emt 0:11:24] And now Rxc6 would win. White has more active pieces. The black rooks are badly placed.} O-O $2 {[%emt 0:01:26][%mdl 8192] A mistake that costs the game.} (18... Rd8 $16 {is more resistant.} 19. Rxd8+ Nxd8) 19. Rxc6 $1 $18 {[%emt 0:00:30][%mdl 64] Discovered Attack. White is clearly winning.} Qf6 20. Rb6 Be4 21. Qd4 Bc6 22. Qxf6 gxf6 23. Nd4 Bd5 24. b3 Rac8 25. Rxc8 Rxc8 26. h4 Kf8 27. Bf3 Bxf3 28. gxf3 {[%emt 0:00:12][%mdl 4096] Endgame KRN-KR} Rc7 29. a4 Ke7 30. a5 Kd7 31. b4 Kc8 32. Nb3 h6 33. Nc5 Re7 34. Kg2 h5 35. Ne4 f5 36. Nf6 {[%emt 0:00:09] Weighted Error Value: White=0.12 (very precise) /Black=0.59} 1-0

[Event "European Women-ch 2023"]
[Site "Petrovac"]
[Date "2023.03.27"]
[Round "9.12"]
[White "Koridze, Lile"]
[Black "Klek, Hanna Marie"]
[Result "1-0"]
[ECO "E01"]
[WhiteElo "2122"]
[BlackElo "2314"]
[Annotator "TA"]
[PlyCount "203"]
[EventDate "2023.03.15"]
[EventType "swiss"]
[EventCountry "MNE"]
[SourceTitle "playchess.com"]
[Source "ChessBase"]
[SourceQuality "1"]
[TimeControl "40/5400+30:1800+30"]

1. d4 Nf6 2. c4 e6 3. Nf3 d5 4. g3 h6 5. Bg2 Bd6 6. O-O {[%emt 0:02:54] E01: Catalan: Early deviations.} O-O 7. Qc2 Nc6 {[%emt 0:01:05] [#]} 8. b3 $146 (8. a3 $14) ({Predecessor:} 8. Nbd2 Re8 9. b3 e5 10. dxe5 Nxe5 11. Bb2 dxc4 12. Bxe5 Bxe5 13. Nxe5 Rxe5 14. Nxc4 {0-1 Dubov,D (2710)-Carlsen,M (2847) DM Carlsen-Dubov blitz 2021 (7)}) 8... b6 9. Bb2 (9. cxd5 Nb4 10. Qd1 exd5 $11) (9. a3 $5 ) 9... Nb4 10. Qc1 c5 11. dxc5 bxc5 12. Rd1 Bb7 13. e3 Qe7 14. a3 Nc6 15. cxd5 (15. Qc2 $5 ) 15... exd5 16. Nc3 Na5 17. Qc2 Rad8 (17... Rfb8 $11) 18. Nb5 $16 Bb8 (18... c4 $14) 19. Bc3 {[%emt 0:01:56] White is more active.} Nc6 20. Bxf6 gxf6 (20... Qxf6 $16 21. Qxc5 a6) 21. Nh4 $1 $18 Be5 22. Nf5 Qe6 {[%emt 0:00:16] [#]} 23. Bh3 $1 Kh8 {[%emt 0:01:38] [#]} 24. Qe2 $1 {[%emt 0:00:56][%cal Oe2h5] Qh5! would be deadly.} Rg8 {[%emt 0:01:59] [#]} (24... Bxa1 $2 25. Qh5 $18) 25. Qh5 Rg5 (25... Rg6 $2 26. Nxh6 Qe8 27. Rac1 $18 (27. Nxf7+ Kg7 $11)) 26. Qxh6+ Kg8 {[%emt 0:00:07][%cal Og5f5] [#]} 27. Nfd4 Qe8 $1 $17 28. Nf5 a6 (28... Bc8 $1 $17 29. Rac1 Bxf5 30. Bxf5 Rxf5 31. Rxc5 a6) 29. Nbd6 Bxd6 $19 30. Qxf6 Rg6 31. Nh6+ {[%emt 0:01:53] [#]} Rxh6 $1 32. Qxh6 $11 Qe5 {[%emt 0:00:31] Against Qg5+} 33. Rac1 Bf8 34. Qh4 Be7 $36 {[%emt 0:05:21][%mdl 2048] Black has good play.} 35. Qh6 (35. Qg4+ $11 Kf8 36. Bg2) 35... Rd6 $15 36. Qf4 Qxf4 37. gxf4 Na5 38. Rc3 (38. b4 $15 cxb4 39. axb4 Rg6+ {[%mdl 64] Discovered Attack} 40. Kf1) 38... d4 (38... Rb6 $17 39. b4 cxb4 40. axb4 (40. Rc7 $2 Bd6 $19) 40... Rg6+ 41. Kf1 Nc4) 39. exd4 $11 cxd4 40. Rc7 (40. Rcd3 $15) 40... Bd8 {[%emt 0:00:00] This pair of bishops is nice.} ({Black should play} 40... Bf3 $1 $17 41. Rd3 Be4 42. Rg3+ Kf8) 41. Rd7 Rxd7 42. Bxd7 Bf6 43. Ba4 (43. b4 $1 $11 Nc4 44. Rc1) 43... Bf3 ({Black should try} 43... Bd5 $1 $17 44. Rb1 d3) 44. Rc1 $1 d3 {[%emt 0:01:32][%mdl 1024] Black has compensation.} 45. b4 Nb7 {[%emt 0:05:47] Black wants to play ...Nd6.} 46. Rc7 Nd8 47. Rd7 Be2 (47... Be4 $11) 48. f5 $1 $16 {[%emt 0:01:55] Black is now going downhill.} Kg7 49. b5 axb5 50. Bxb5 Bg4 51. Bxd3 {[%emt 0:00:52] Be4 is the strong threat.} Nc6 {[%emt 0:00:05] [#]} (51... Bf3 $142) 52. Be4 $1 Ne5 53. Rd5 Nc4 (53... Nc6 $142 54. a4 Nd4) 54. a4 $18 {[%emt 0:00:48][%cal Ba3a4,Ba4a5][%mdl 32] Threatens to win with a5.} Nb6 {[%emt 0:00:11] [#]} 55. Rd3 {[%emt 0:00:05] Black must now prevent a5.} Be2 56. Rg3+ Kf8 57. a5 Nc8 58. Bb7 Na7 59. a6 Bb5 60. Re3 Bd4 61. Re4 Bc3 62. h4 Kg7 63. h5 Bf6 64. Rg4+ Kh6 65. Bd5 Kxh5 66. Rg8 (66. Bxf7+ $2 {loses.} Kxg4 67. Bd5 Bxa6 $19) ({Not} 66. Bf3 Kh6 67. Bd5 Bd7 68. Bxf7 Bxf5 $16) 66... Bg5 $2 (66... Bxa6 67. Bxf7+ Kh4) 67. Bxf7+ Kg4 68. Be6 {[%emt 0:00:30] Strongly threatening f6+.} Kf4 69. Rg7 Bxa6 70. Rxa7 {[%emt 0:00:04][%mdl 4096] Endgame KRB-KB} Bd3 71. Ra3 Be4 72. Kf1 Bf3 73. Ra5 {[%emt 0:01:04][%cal Of5f6] Hoping for f6!} Bf6 (73... Bd8 $142 74. Rb5 Kg5) 74. Bd5 Bd1 {[%emt 0:00:51] Inhibits Ra4+.} 75. Bc4 {[%emt 0:01:19] And now Ra6 would win.} Bc2 76. Ra6 Kxf5 77. Ke2 Bd4 78. f3 Kf4 79. Bd3 Bb3 80. Ra8 Bf6 $2 (80... Bd5 {was necessary.} 81. Rf8+ Kg3) 81. Rf8 Ke5 {[%emt 0:00:06] [#]} 82. f4+ $1 Ke6 83. Kf3 Ke7 84. Rb8 Bd5+ 85. Be4 Bc4 86. Rb7+ Ke6 87. Rb6+ Kf7 88. f5 Be5 89. Kg4 Bf6 (89... Bd4 $142 90. Rb4 Be2+ 91. Kf4 Bf6 92. Bd5+ Kf8) 90. Rb7+ Kg8 91. Rd7 {[%emt 0:00:28] Bd5+ would kill now.} Be2+ 92. Bf3 Bb5 93. Bd5+ {[%emt 0:00:06] White mates.} Kh8 94. Rb7 Be2+ 95. Bf3 Bc4 96. Kh5 Kg8 97. Kg6 Be5 98. Re7 Bd6 99. Re8+ Bf8 100. Rd8 Bf7+ 101. Kf6 Bc4 102. Bd5+ {[%emt 0:00:12] A cool game by Koridze.   Weighted Error Value: White=0.23 (precise) /Black=0.32} 1-0

[Event "European Women-ch 2023"]
[Site "Petrovac"]
[Date "2023.03.27"]
[Round "9.13"]
[White "Bulmaga, Irina"]
[Black "Unuk, Laura"]
[Result "1/2-1/2"]
[ECO "C45"]
[WhiteElo "2438"]
[BlackElo "2297"]
[Annotator "TA"]
[PlyCount "139"]
[EventDate "2023.03.15"]
[EventType "swiss"]
[EventCountry "MNE"]
[SourceTitle "playchess.com"]
[Source "ChessBase"]
[SourceQuality "1"]
[TimeControl "40/5400+30:1800+30"]

1. e4 e5 2. Nf3 Nc6 3. d4 exd4 4. Nxd4 Nf6 5. Nxc6 bxc6 6. e5 Qe7 7. Qe2 Nd5 8. h4 d6 {[%emt 0:05:25] C45: Scotch Game.} 9. c4 Nb6 10. exd6 cxd6 11. Be3 d5 12. Nd2 dxc4 {[%emt 0:08:46] [#]} 13. Qf3 $146 (13. g3 $5 ) ({Predecessor:} 13. g3 Be6 14. Bg2 Qc7 15. O-O Be7 16. b3 O-O 17. bxc4 Rad8 18. Rac1 {½-½ Gharamian,T (2586)-Fressinet,L (2625) FRA-ch 94th Chartres 2019 (6)}) 13... Qe6 ({Resist} 13... Nd5 14. Bxc4 Qd7 15. Bd4 $16) 14. Be2 Bb4 15. O-O O-O 16. Rac1 Ba6 17. Ne4 Rae8 18. Ng5 Qe7 19. Qf5 g6 20. Qf3 h6 $1 ({Worse is} 20... f6 21. Nh3 $15) 21. Nh3 Qxh4 {[%emt 0:00:37] And now ...Nd5 would win.} 22. b3 Ba3 23. Rcd1 {[%emt 0:00:36] [#]} (23. Rc2 $17) 23... Qe4 $1 $19 24. Qg3 Bb2 25. Bf3 Qf5 (25... Qe5 $19 {Threatens to win with ...Qxg3.} 26. Qxe5 Rxe5) 26. Bxh6 $2 {[%emt 0:04:22] [#]} (26. bxc4 $17 Bxc4 27. Bxh6) 26... cxb3 $2 (26... c3 $1 $19 {[%cal Rc3c2] and Black stays clearly on top. ...c2! is the strong threat.} 27. Bg4 Qc5) 27. axb3 $17 Bxf1 28. Bxf8 Bxg2 29. Kxg2 {[%emt 0:00:22] Bh6 would be deadly.} Rxf8 30. Ng5 (30. Bxc6 $17 Kg7 31. Qf3) 30... Bf6 31. Ne4 Nd5 (31... Be5 $17 32. Qg5 Qxg5+ 33. Nxg5 Rc8) 32. Nxf6+ $15 Qxf6 33. Bxd5 cxd5 34. Rxd5 {[%emt 0:00:15][%mdl 4096] Endgame KQR-KQR} Rd8 35. Qg5 Qxg5+ 36. Rxg5 $11 {[%emt 0:00:02] KR-KR} Rb8 37. Ra5 Rb7 38. b4 Kg7 39. Ra6 Kh6 40. Kg3 Kg5 41. Ra5+ Kf6 42. Kf3 Ke6 43. Ke3 Kd6 44. Kd3 Rxb4 {[%emt 0:05:21] White must now prevent ...Rb7.} 45. Rxa7 Rf4 46. Ke3 g5 47. Ra5 f6 48. Ra6+ Ke5 49. Ra5+ Ke6 50. Rb5 Kf7 51. f3 Kg6 52. Ra5 Kh5 53. Kf2 Kh4 {[%emt 0:02:54] Strongly threatening ...g4.} 54. Kg2 Rb4 {[%emt 0:03:03] aiming for ...Rb2+.} 55. Ra2 {[%emt 0:00:03] Prevents Rb2+} f5 56. Rc2 Ra4 57. Rb2 Ra3 58. Rb4+ f4 59. Rb2 {[%emt 0:00:05] Wards off Ra2} g4 60. fxg4 {[%emt 0:01:21] The position is equal.} Kxg4 61. Rc2 $1 Rg3+ (61... Rb3 $5 ) 62. Kf2 Rh3 {[%emt 0:00:05] ( -> ...Rh2+)} 63. Rc8 Rh2+ 64. Kg1 $1 Ra2 65. Rc3 Re2 66. Kf1 Re3 67. Rxe3 fxe3 68. Ke2 Kf4 69. Ke1 e2 70. Kxe2 {[%emt 0:00:37] Black had all chances to win.   Weighted Error Value: White=0.13 (very precise) /Black=0.13 (very precise)} 1/2-1/2

[Event "European Women-ch 2023"]
[Site "Petrovac"]
[Date "2023.03.27"]
[Round "9.13"]
[White "Ovod, Evgenija"]
[Black "Mamedjarova, Turkan"]
[Result "1/2-1/2"]
[ECO "C54"]
[WhiteElo "2305"]
[BlackElo "2229"]
[Annotator "TA"]
[PlyCount "52"]
[EventDate "2023.03.15"]
[EventType "swiss"]
[EventCountry "MNE"]
[SourceTitle "playchess.com"]
[Source "ChessBase"]
[SourceQuality "1"]
[TimeControl "40/5400+30:1800+30"]

1. e4 e5 2. Nf3 Nc6 3. Bc4 Bc5 4. O-O Nf6 5. d3 d6 6. c3 a6 7. a4 O-O 8. Nbd2 {[%emt 0:00:39][%cal Bb1d2,Bd2f1,Bf1g3][%mdl 32] C54: Giuoco Piano: 4 c3 Nf6, main lines with 5 d4 and 5 d3.} h6 9. Re1 Re8 10. Nf1 {[%emt 0:03:02] White has an edge.} Ba7 11. Be3 {[%emt 0:06:47] [#]} d5 $146 (11... Na5 $11 {remains equal.}) ({Predecessor:} 11... Bxe3 12. Nxe3 Be6 13. Bxe6 Rxe6 14. b4 Qd7 15. Qc2 a5 16. b5 Ne7 17. g3 Re8 {1-0 Giri,A (2777)-Matlakov,M (2683) Yasnaya Polyana Tolstoy Memorial rapid 2021 (3)}) 12. exd5 $16 Nxd5 13. Bxa7 Rxa7 14. a5 Nf4 15. Ng3 b5 16. axb6 cxb6 17. d4 b5 18. Bf1 ({Reject} 18. Nxe5 Nxe5 19. Bxb5 Bd7 $17) 18... exd4 {[%emt 0:17:25] The position is equal.} 19. Rxe8+ Qxe8 20. Nxd4 Rd7 21. Qf3 Nxd4 22. Qxf4 Nb3 23. Ra3 Nd2 {[%emt 0:03:21] [#] Threatens to win with ...Nxf1.} 24. Ra1 Nb3 25. Ra3 Nd2 {[%emt 0:04:50] aiming for ...Nxf1.} 26. Ra1 Nb3 {[%emt 0:02:51] Weighted Error Value: White=0.06 (flawless) /Black=0.07 (flawless)} 1/2-1/2

[Event "European Women-ch 2023"]
[Site "Petrovac"]
[Date "2023.03.27"]
[Round "9.13"]
[White "Vidic, Teja"]
[Black "Karaivanova, Petya"]
[Result "1/2-1/2"]
[ECO "A13"]
[WhiteElo "2097"]
[BlackElo "1875"]
[Annotator "TA"]
[PlyCount "97"]
[EventDate "2023.03.15"]
[EventType "swiss"]
[EventCountry "MNE"]
[SourceTitle "playchess.com"]
[Source "ChessBase"]
[SourceQuality "1"]
[TimeControl "40/5400+30:1800+30"]

1. Nf3 d5 2. c4 e6 3. b3 Nf6 4. g3 c6 5. Bg2 Bd6 6. Bb2 Nbd7 7. O-O Qe7 8. d3 O-O 9. a3 {[%emt 0:02:47] A13: English Opening: 1...e6.} e5 {[%emt 0:02:25] [#]} 10. b4 $146 ({White should play} 10. Nh4) ({Predecessor:} 10. cxd5 cxd5 11. Nc3 a6 12. b4 Nb6 13. Nd2 Be6 14. Na4 Nxa4 15. Qxa4 Bd7 16. Qb3 Be6 {1-0 Ianov,V (2381)-Harmatosi,J (2258) Zalakaros op 24th 2005 (4)}) 10... a5 $11 11. b5 {[%emt 0:01:30] Black has an edge.} dxc4 (11... cxb5 $15 12. cxb5 b6) 12. dxc4 (12. bxc6 $11 bxc6 13. Qc2) 12... cxb5 $15 13. cxb5 Nb6 14. Nbd2 Bf5 (14... Rd8 $5 ) 15. e4 Bd7 (15... Nxe4 16. Nh4 $16) (15... Bxe4 16. Nxe4 Nxe4 17. Nh4 Nxf2 18. Kxf2 $16 (18. Rxf2 Bc5 $14)) 16. a4 Rac8 17. Qb1 Rfd8 18. Rd1 Bg4 (18... Ne8 $5 ) 19. h3 Bh5 20. g4 Bg6 21. Nh4 Nfd7 ({Black should try} 21... Bb4 $17 22. Nxg6 hxg6) 22. Nf5 $1 $11 Bxf5 23. exf5 Nc5 24. Ne4 (24. Bc3 $5 ) 24... Nbxa4 25. Nxc5 (25. Rxd6 $11 {keeps the balance.} Rxd6 26. Nxd6 Qxd6 27. Bxb7 Nxb7 28. Rxa4) 25... Nxb2 26. Qxb2 (26. Nxb7 $142 Nxd1 27. Qxd1) 26... Bxc5 $17 (26... Rxc5 27. Rxa5 Rcc8 28. Qe2 $11) 27. Rxd8+ Rxd8 28. Rxa5 e4 {[%emt 0:05:55] [#] White must now prevent ...e3.} (28... h5 {keeps more tension.} 29. Qc2 hxg4 30. hxg4 Qh4) 29. Qe2 {[%emt 0:03:29] White is weak on the dark squares} e3 (29... Qe5 $17 {[%cal Oh7h5] And now ...h5! would win.} 30. Bxe4 h6) 30. fxe3 $15 Bxe3+ ({But not} 30... Qxe3+ 31. Qxe3 Bxe3+ 32. Kf1 $11) 31. Kh1 h6 32. Ra1 Rd2 33. Qf3 Bd4 ({Worse is} 33... Qe5 34. Re1 Rd3 35. f6 $15 (35. Qxb7 $2 {too greedy.} Qg3 $19)) (33... Bb6 $17 {...Bc7 would be deadly.} 34. Qf4 Re2) 34. Rc1 {[%emt 0:08:09] [#]} (34. Qe4 $15 Qc7 35. Rf1) 34... b6 (34... Bb6 $1 $17 {Threatens to win with ...Qe5.} 35. Qf4 Qe2) 35. Qe4 $11 {[%emt 0:00:05] The position is equal.} Qxe4 (35... Qd6 $2 36. Rc8+ $18) 36. Bxe4 {[%emt 0:00:06][%mdl 4096] Endgame KRB-KRB} Bc5 37. Ra1 Re2 38. Ra8+ Kh7 39. Bd5 Re7 40. Kg2 g6 41. fxg6+ fxg6 42. h4 Kg7 43. Rc8 Re5 44. Rc7+ Re7 45. Rc6 Re5 46. Bf3 Re3 47. h5 gxh5 48. gxh5 Re5 49. Rc7+ {[%emt 0:05:28] Weighted Error Value: White=0.20 (precise) /Black=0.14 (very precise)} 1/2-1/2

[Event "European Women-ch 2023"]
[Site "Petrovac"]
[Date "2023.03.27"]
[Round "9.14"]
[White "Sieber, Fiona"]
[Black "Milliet, Sophie"]
[Result "1-0"]
[ECO "B67"]
[WhiteElo "2217"]
[BlackElo "2404"]
[Annotator "TA"]
[PlyCount "113"]
[EventDate "2023.03.15"]
[EventType "swiss"]
[EventCountry "MNE"]
[SourceTitle "playchess.com"]
[Source "ChessBase"]
[SourceQuality "1"]
[TimeControl "40/5400+30:1800+30"]

1. e4 c5 2. Nf3 Nc6 3. d4 cxd4 4. Nxd4 Nf6 5. Nc3 d6 6. Bg5 e6 7. Qd2 a6 8. O-O-O Bd7 9. f3 Nxd4 10. Qxd4 Be7 {[%emt 0:00:40] B67: Sicilian: Richter-Rauzer: 7...a6 8 0-0-0 Bd7, lines without 9 f4 Be7.} 11. Kb1 Qc7 12. h4 (12. a3 {simplifies} b5 13. g4 Rb8 14. Bxf6 Bxf6 15. Qxd6 Qxd6 16. Rxd6 a5 17. h4) 12... b5 {[%emt 0:07:21] The position is equal.} 13. g4 O-O 14. h5 {[%emt 0:14:54] Threatening h6.} (14. Bxf6 {simplifies} Bxf6 15. Qxd6 Qxd6 16. Rxd6 Rfd8 17. Rd3) 14... b4 15. Ne2 (15. Qxb4 $16 {aiming for h6.} h6 16. Bd2) 15... Rfc8 $11 16. Rc1 {[%emt 0:05:13] Active counter play!} e5 17. Qd2 {[%emt 0:05:09] [#]} Be6 $146 ({Predecessor:} 17... a5 18. Be3 Be6 19. g5 Nd7 20. g6 a4 21. Bh3 Bc4 22. gxf7+ Bxf7 23. Ng3 Qb7 24. Nf5 Bf8 25. Rhg1 Kh8 26. Nxd6 Bxd6 27. Qxd6 Rc7 28. h6 Ra6 29. Qe7 {1-0 Melkumyan,H (2645)-Crevatin,L (2312) Titled Tuesday intern op 27th Sep Late blitz 2022 (2)}) 18. c4 (18. Bh4 {is more complex.} a5 19. h6 g6 20. Ng3) 18... bxc3 (18... Bxc4 19. Bxf6 (19. Qxb4 d5 $17) (19. b3 Nxe4 20. fxe4 Bxg5 $16) 19... Bxf6 20. b3 $16 (20. Qxb4 $2 Bd3+ 21. Ka1 Qxc1+ {[%mdl 64] Back Rank} 22. Nxc1 Rxc1#)) (18... h6 $5 19. Be3 a5 $11) 19. Nxc3 ({White should try} 19. Rxc3 $11 Qb7 20. Bxf6 Bxf6 21. g5) 19... Qb7 (19... Qa5 $1 $15 20. a4 (20. h6 $2 Rxc3 21. b3 Rxc1+ 22. Kxc1 Qa3+ 23. Kb1 d5 $19) 20... h6) 20. Bxf6 (20. h6 {keeps more tension.} Rxc3 21. Rxc3 Nxe4 22. fxe4 Qxe4+ 23. Qd3) 20... Bxf6 21. g5 Bd8 22. Bh3 Rab8 23. Bxe6 (23. Rc2 {seems wilder.} Bxh3 24. Rxh3 Bxg5 25. Qxg5 Rxc3 26. Rg2) 23... fxe6 24. Na4 d5 25. Rxc8 Rxc8 26. Rc1 Rb8 27. g6 Qb5 {[%emt 0:06:57] [#]} (27... dxe4 $11 28. Qd6 Bg5) 28. Qc2 $1 $16 d4 $2 {[%emt 0:00:24] Loses the game.} (28... dxe4 $16 29. Nc3 (29. fxe4 hxg6 30. hxg6 Qe8 $16) (29. Qxe4 Bg5 $14) 29... Qe8) 29. Qc6 $18 Kh8 $2 (29... Qxc6 {keeps fighting.} 30. Rxc6 hxg6) 30. Qxb5 {[%emt 0:04:06][%mdl 64] Remove Defender} axb5 {[%emt 0:00:01][%mdl 4096] Endgame KRB-KRN} 31. Nc5 Bg5 32. Rc2 Rd8 {[%emt 0:00:51] [#] Strongly threatening ...d3.} 33. Nd3 (33. Nxe6 d3 $18) 33... Kg8 34. Rc5 {[%emt 0:00:40] White is clearly winning.} (34. Nxe5 d3 35. Nxd3 (35. gxh7+ $2 Kxh7 36. Rc1 Bf4 $19) 35... Rxd3 36. Rc8+ Rd8 37. Rxd8+ Bxd8 $19) 34... hxg6 35. hxg6 ({Weaker is} 35. Rxe5 Bf6 36. Rxb5 gxh5 $18) 35... Bf4 36. Rxb5 Rf8 37. a4 Ra8 38. a5 Kf8 39. b4 Ke7 40. Rb6 Kf6 41. a6 Kxg6 42. b5 Bg5 43. Rxe6+ Bf6 44. b6 {[%emt 0:01:51] Hoping for a7.} Rxa6 45. b7 Rxe6 46. b8=Q ({Not} 46. b8=R Kg5 47. Rh8 Rc6 $17) 46... Re7 47. Kc2 Kh7 48. Qc8 g6 49. Nb4 Bg7 50. Nc6 Rf7 51. Qh3+ Kg8 52. Qe6 {[%emt 0:00:05][%cal Oc6d8] White threatens Nd8! and mate.} Bf6 {[%emt 0:00:12] Prevents Nd8.} 53. Qe8+ Rf8 54. Qxg6+ Kh8 55. Qh5+ Kg8 56. Nxe5 Bg7 57. Kd3 {[%emt 0:01:35] Weighted Error Value: White=0.19 (very precise) /Black=0.55} 1-0